 Dungeon Crawl Stone Soup version 0.28.0-53-g5a82cb258f (webtiles) character file.

Game seed: 12217568651120509307

258 SanguineChosen the Covered (level 6, -3/39 HPs)
             Began as a Gargoyle Fighter on July 7, 2022.
             Killed from afar by Duvessa (19 damage)
             ... with a bolt of acid
             ... on level 4 of the Dungeon on July 8, 2022.
             The game lasted 00:13:12 (3184 turns).

SanguineChosen the Covered (Gargoyle Fighter)       Turns: 3184, Time: 00:13:13

Health: -3/39      AC: 11    Str: 27    XL:     6   Next: 16%
Magic:  0/6        EV:  9    Int:  9    God:
Gold:   68         SH:  4    Dex:  9    Spells: 5/5 levels left

rFire   . . .      SeeInvis .   k - +4 spear
rCold   . . .      Faith    .   c - +0 buckler
rNeg    + . .      Spirit   +   b - +0 scale mail
rPois   ∞          Reflect  .   (no helmet)
rElec   +          Harm     .   (no cloak)
rCorr   .          Rampage  .   (no gloves)
Will    .....                   (no boots)
Stlth   ..........              p - amulet of guardian spirit
HPRegen 0.13/turn               l - +6 ring of strength
MPRegen 0.10/turn               (no ring)

@: mighty
A: sickness immunity, AC +4, negative energy resistance 1, electricity
resistance, torment resistance 1, petrification resistance
a: no special abilities


You were on level 4 of the Dungeon.
You visited 1 branch of the dungeon, and saw 4 of its levels.

You collected 68 gold pieces.

Inventory:

Hand Weapons
 a - a +0 flail
 j - a +1 falchion of holy wrath
 k - a +4 spear (weapon)
 o - a +2 mace of holy wrath
Armour
 b - a +0 scale mail (worn)
 c - a +0 buckler (worn)
Jewellery
 l - a +6 ring of strength (left hand)
 p - an amulet of guardian spirit (around neck)
Scrolls
 e - 3 scrolls of identify {unknown}
 g - a scroll of holy word {unknown}
 i - a scroll of noise {unknown}
 m - a scroll of teleportation {unknown}
 n - a scroll of magic mapping {unknown}
Potions
 d - 2 potions of might
 f - a potion of curing


   Skills:
 + Level 4.6 Fighting
 + Level 3.6 Maces & Flails
 + Level 5.0 Armour
 + Level 0.7 Stealth
 + Level 3.9 Shields


You had 5 spell levels left.
You didn't know any spells.
Your spell library contained the following spells:

 Spells                   Type           Power      Damage    Failure   Level
 Beastly Appendage        Tmut           0%         N/A       75%         1
 Wereblood                Tmut           0%         N/A       86%         2
 Call Canine Familiar     Summ           0%         N/A       98%         3
 Portal Projectile        Hex/Tloc       0%         N/A       98%         3
 Spider Form              Tmut/Pois      0%         N/A       98%         3
 Leda's Liquefaction      Hex/Erth       0%         N/A       100%        4


Dungeon Overview and Level Annotations

Branches:
Dungeon (4/15)
 Temple: D:4-7

Altars:
Cheibriados
Gozag
Hepliaklqana

Shops:
D:2 (

Annotations:
D:4 Dowan, Duvessa


Innate Abilities, Weirdness & Mutations

You are immune to sickness and miasma.
Your stone body is resilient. (AC +4)
You are immune to poison.
You resist negative energy. (rN+)
You are resistant to electric shocks. (rElec)
You are resistant to unholy torment.
You are immune to petrification.


Message History

You feel very mighty all of a sudden.
The hound barks!
Dowan laughs at you. "Don't get delusional, you can't win!"
You puncture Dowan!
Dowan is heavily wounded.
Dowan barely misses you.
You barely miss Dowan.
Dowan is heavily wounded.
Dowan barely misses you.
An ogre comes into view. It is wielding a +0 giant spiked club.
Duvessa zaps a wand.
The bolt of acid hits you!!
You puncture the hound!
The hound is heavily wounded.
The hound bites you but does no damage. Dowan closely misses you.
The hound bites you but does no damage. You block Dowan's attack.
You puncture Duvessa!
Duvessa is moderately wounded.
The hound bites you but does no damage. Duvessa closely misses you.
Dowan hits you but does no damage.
You closely miss Duvessa.
Duvessa is moderately wounded.
The hound bites you but does no damage. Duvessa hits you with a +0 short sword.
The hound bites you but does no damage. Dowan closely misses you.
You puncture Duvessa!
Duvessa is heavily wounded.
The hound bites you. Duvessa hits you but does no damage.
Dowan gestures wildly while chanting.
Dowan blinks!
You block the hound's attack.
You hit Duvessa.
Duvessa is severely wounded.
The hound bites you but does no damage. Duvessa misses you.
Dowan gestures at you while chanting. You resist with some effort.
Duvessa zaps a wand.
The bolt of acid misses you. You block the hound's attack.
You puncture Duvessa!
Duvessa is almost dead.
The hound bites you. Dowan casts a spell at you. You resist with some effort.
Duvessa zaps a wand.
The bolt of acid hits you!!
You die...

##................
##...............
###............#
#.......###.. .
##..##.## .. ..
##..#.# ...
#....### ..
##...#.####.#
#....e..@hO.#
##..###.e#.## ####
##.# .. .... ...
...... ...
#..........
#####.... . ##..
...


You could see Duvessa, an ogre, Dowan and a hound.

Vanquished Creatures
  A water moccasin skeleton (D:4)
  A centaur zombie (D:4)
  An orc priest (D:3)
  An orc wizard (D:4)
  A howler monkey skeleton (D:4)
  A gnoll (D:4)
  3 adders
  A worm (D:2)
  A dart slug (D:2)
  9 orcs
  7 endoplasms
  2 giant cockroaches (D:1)
  9 goblins
  2 hobgoblins
  4 jackals (D:1)
  2 quokkas (D:3)
  3 ball pythons
  3 bats
  7 frilled lizards
  6 kobolds
  3 rats (D:2)
  A spectral kobold (D:3)
69 creatures vanquished.

Notes
Turn   | Place    | Note
-------+----------+-------------------------------------------
     0 | D:1      | SanguineChosen the Gargoyle Fighter began the quest for the
                  | Orb.
     0 | D:1      | Reached XP level 1. HP: 14/14 MP: 1/1
    38 | D:1      | Found a faded altar of an unknown god.
    54 | D:1      | Reached XP level 2. HP: 10/19 MP: 2/2
   749 | D:2      | Reached XP level 3. HP: 20/24 MP: 3/3
  1625 | D:2      | Reached XP level 4. HP: 29/29 MP: 4/4
  1631 | D:2      | Found Mioss's Antique Weapon Emporium.
  1914 | D:3      | Reached skill level 4 in Armour
  2248 | D:3      | Found an opulent altar of Gozag.
  2254 | D:3      | Found a snail-covered altar of Cheibriados.
  2497 | D:3      | Found a hazy altar of Hepliaklqana.
  2642 | D:4      | Noticed Duvessa
  2642 | D:4      | Noticed Dowan
  2681 | D:4      | Reached XP level 5. HP: 25/33 MP: 5/5
  2908 | D:4      | Reached XP level 6. HP: 21/39 MP: 2/6
  3085 | D:4      | Reached skill level 5 in Armour
  3184 | D:4      | Killed from afar by Duvessa

Illustrated notes

Levels and vault maps discovered:
D:1:      lightli_arrival_statuegarden, layout_loops_ring,
          ebering_ecumenical_altar_rust
D:2:      layout_basic, serial_shops, nicolae_shop_waterfront, st_stairs_8
D:3:      layout_rooms, nicolae_hepliaklqana_monster_ancestors,
          mainiacjoe_overflow_large_starburst, mrwooster_statue_mirror,
          nrook_mini_vaults
D:4:      layout_cave_pools, lemuel_round_altar, marbit_many_paths,
          uniq_duvessa, uniq_crazy_yiuf_cottage

Skill      XL: |  1  2  3  4  5  6 |
---------------+-------------------+-----
Maces & Flails | 3 |  3.6
Armour         | 4 5 |  5.0
Fighting       | 4 |  4.6
Stealth        | |  0.7
Shields        | |  3.9

Action                   |  1- 3 |  4- 6 || total
-------------------------+-------+-------++-------
Melee: Flail             |    57 |       ||    57
       Falchion          |    28 |       ||    28
       Spear             |    11 |   133 ||   144
  Use: Potion            |       |     3 ||     3
Armor: Scale mail        |    54 |    79 ||   133
Dodge: Dodged            |    62 |    58 ||   120
Block: Buckler           |    19 |    19 ||    38
